 Dungeon Crawl Stone Soup version 0.17-a0-1987-gaf5a542 (webtiles) character file.

44 SlimeFever the Chiller (level 3, -1/21 HPs)
             Began as a High Elf Ice Elementalist on Oct 6, 2015.
             Slain by a quokka (3 damage)
             ... on level 2 of the Dungeon on Oct 7, 2015.
             The game lasted 00:12:36 (1343 turns).

SlimeFever the Chiller (High Elf Ice Elementalist)  Turns: 1343, Time: 00:12:36

Health: -1/21      AC:  2    Str:  7    XL:     3   Next: 39%
Magic:  7/7        EV: 13    Int: 20    God:
Gold:   41         SH:  0    Dex: 15    Spells: 2 memorised, 4 levels left

rFire  . . .     SeeInvis .     g - +0 short sword
rCold  . . .     Clarity  .     a - +0 robe
rNeg   + . .     SustAt   .     (no shield)
rPois  .         Gourm    .     (no helmet)
rElec  .         Spirit   .     (no cloak)
rCorr  .         Warding  .     (no gloves)
rMut   .         Stasis   .     (no boots)
MR     .....                    (no amulet)
Stlth  ++........               (no ring)
                                i - ring of positive energy

@: not resistant to hostile enchantments, unstealthy
A: no striking features
a: no special abilities


You were on level 2 of the Dungeon.
You were hungry.

You visited 1 branch of the dungeon, and saw 2 of its levels.

You collected 41 gold pieces.

Inventory:

Hand Weapons
 g - a +0 short sword (weapon)
Missiles
 e - 36 arrows
 j - 4 tomahawks (quivered)
 m - 5 poisoned needles
 n - 15 sling bullets
Armour
 a - a +0 robe (worn)
Jewellery
 i - a ring of positive energy (left hand)
Scrolls
 d - a scroll of recharging
 f - a scroll of identify
Potions
 h - a potion of lignification {unknown}
 k - 2 potions of curing
 o - a potion of agility {unknown}
Books
 b - a book of Frost

   Spells                             Type                      Level
   a - Freeze                         Ice                          1
   b - Throw Frost                    Conjuration/Ice              2
   c - Ozocubu's Armour               Charms/Ice                   3
   d - Throw Icicle                   Conjuration/Ice              4
   e - Summon Ice Beast               Ice/Summoning                4
   f - Condensation Shield            Ice                          4
Comestibles
 c - a bread ration


   Skills:
 + Level 2.5 Dodging
 + Level 2.2 Stealth
 + Level 2.6 Spellcasting
 + Level 1.2 Conjurations
 * Level 4.1 Ice Magic


You had 4 spell levels left.
You knew the following spells:

 Your Spells              Type           Power        Failure   Level  Hunger
a - Freeze                Ice            ###.         2%          1    None
b - Throw Frost           Conj/Ice       ##....       10%         2    ##.....


Dungeon Overview and Level Annotations

Branches:
Dungeon (2/15)

Altars:
Dithmenos

Annotations:
D:2 Terence


Message History

The quokka bites you.
* * * LOW HITPOINT WARNING * * *
Found a stone staircase leading down.
You see here a beef jerky.
l - a beef jerky The quokka barely misses you.
You are feeling hungry.
The quokka barely misses you. Terence looks scornfully at you.
The quokka barely misses you.
That beef jerky was delicious!
Casting: Throw Frost
Confirm with . or Enter, or press ? or * to list all spells.
Okay, then.
The quokka bites you.
* * * LOW HITPOINT WARNING * * *
The quokka closely misses you.
Found a scroll labeled DIN EXISECVYS.
The quokka bites you.
You die...

.# *,.**,,,.....,**,$#*
#.# .#
*,,,,,?......,,,,..* #.#
,* ***,,*#.....#*,,,*.#
#<# ,*
*,*##..*..##*,,,,* #.#
,* *,##..#*#..##,,,**
#.# ,*
*,....###....,,,*****#.#
,*
****#..#..#***,,,,,,,..#
,*
#####.....####...****###
,*
#....@.gr@......)******
**
#.#############..,,,,,*
#..# *,*****,* ##.# *,*
*,* # #.# *,* *,* # #@#
*,* *,* # #.# *,* *,* #
#.# *,* *,* # ##.###
********,* *,*


You could see Terence, a quokka and a hobgoblin.

Vanquished Creatures
  2 adders (D:2)
  An ooze (D:1)
  A ball python (D:1)
  2 bats (D:1)
  A giant cockroach (D:1)
  2 goblins (D:2)
  5 hobgoblins
  2 kobolds (D:1)
  2 quokkas (D:2)
  2 giant newts (D:2)
  2 rats (D:1)
  A plant (D:1)
23 creatures vanquished.

Notes
Turn   | Place    | Note
--------------------------------------------------------------
     0 | D:1      | SlimeFever the High Elf Ice Elementalist began the quest for the Orb.
     0 | D:1      | Reached XP level 1. HP: 11/11 MP: 4/4
   213 | D:1      | Reached XP level 2. HP: 6/17 MP: 4/6
   488 | D:1      | Learned a level 2 spell: Throw Frost
   910 | D:2      | Found a shadowy altar of Dithmenos.
  1169 | D:2      | Reached XP level 3. HP: 16/21 MP: 2/7
  1188 | D:2      | Reached skill level 4 in Ice Magic
  1230 | D:2      | Noticed Terence
  1334 | D:2      | HP: 1/21 [quokka (2)]
  1343 | D:2      | Slain by a quokka

Vault maps used:
D:1:      minmay_arrival_solitary_statue, minmay_misc_feat_secret_circle,
          serial_bayou_lagoon_a, minmay_tree_intersection
D:2:      nicolae_dithmenos_shadow_blocks, uniq_crazy_yiuf_cottage, uniq_terence

Action                   || total
-------------------------++-------
Melee: Whip              ||     9
       Short sword       ||   147
Throw: Throwing net      ||     2
 Cast: Freeze            ||    10
       Throw Frost       ||    12
  Use: Scroll            ||     4
       Potion            ||     2
 Stab: Distracted        ||     1
       Sleeping          ||     1
  Eat: Beef jerky        ||     1
